 Dungeon Crawl Stone Soup version 0.28-a0-413-gde365fb1df (webtiles) character file.

Game seed: 12240997318472303990

720 Spaninq the Poker (level 8, -1/57 HPs)
             Began as a Djinni Conjurer on Sept 7, 2021.
             Slain by an ufetubus (3 damage)
             ... on level 5 of the Dungeon.
             The game lasted 00:15:30 (6445 turns).

Spaninq the Poker (Djinni Conjurer)                 Turns: 6445, Time: 00:15:33

Health: -1/57      AC:  3    Str:  8    XL:     8   Next: 2%
Gold:   145        EV: 12    Int: 21    God:
                   SH:  0    Dex: 11

rFire   + + .      SeeInvis .   g - +0 trident
rCold   . . .      Faith    .   (no shield)
rNeg    . . .      Spirit   .   a - +0 robe
rPois   ∞          Reflect  .   (no helmet)
rElec   .          Harm     .   (no cloak)
rCorr   .          Rampage  .   i - +0 pair of gloves
Will    .....                   (boots unavailable)
Stlth   ++........              (no amulet)
HPRegen 0.19/turn               c - ring of protection from cold
MPRegen 0.00/turn               (no ring)

@: flying, studying Polearms
A: sickness immunity, fire resistance 2, cold vulnerability 1, float, innate
caster, hp casting, extra vitality 1
a: no special abilities


You were on level 5 of the Dungeon.
You visited 1 branch of the dungeon, and saw 5 of its levels.

You collected 145 gold pieces.

Inventory:

Hand Weapons
 g - a +0 trident (weapon)
Armour
 a - a +0 robe (worn)
 b - a +1 crystal plate armour
 i - a +0 pair of gloves (worn)
Jewellery
 c - a ring of protection from cold (left hand)
Scrolls
 e - 2 scrolls of identify
 k - a scroll of teleportation
Potions
 d - a potion of curing
 f - a potion of flight {unknown}
 h - a potion of ambrosia
 j - 2 potions of magic {unknown}
 m - a potion of heal wounds {unknown}


   Skills:
 + Level 3.6 Fighting
 * Level 5.2 Polearms
 + Level 2.3 Armour
 - Level 2.1 Dodging
 - Level 1.5 Stealth
 - Level 4.1 Spellcasting


You couldn't memorise any spells.
You knew the following spells:

 Your Spells              Type           Power      Damage    Failure   Level
a - Magic Dart            Conj           84%        1d7       2%          1
b - Searing Ray           Conj           42%        2d6       3%          2
c - Dazzling Flash        Conj/Hex       42%        N/A       6%          3
d - Fulminant Prism       Conj/Hex       10%        3d9       22%         4
e - Iskenderun's Mystic   Conj/Tloc      21%        2d6       22%         4
f - Pain                  Necr           84%        1d8       2%          1
g - Slow                  Hex            21%        N/A       3%          2
h - Summon Guardian Gole  Hex/Summ       21%        N/A       6%          3
Your spell library was empty.

Dungeon Overview and Level Annotations

Branches:
Dungeon (5/15)
 Temple: D:4-7

Altars:
Gozag
Hepliaklqana
Wu Jian

Shops:
D:1 (

Annotations:
D:4 1 runed translucent door, mg7810's ghost, weakling DrDe


Innate Abilities, Weirdness & Mutations

You are immune to sickness and miasma.
You are immune to poison.
Your flesh is very heat resistant. (rF++)
You are vulnerable to cold. (rC-)
You float through the air rather than walking.
You learn spells naturally, not from books.
Your magical power is your life essence.
You have superior vitality. (+4 HP)


Message History

Aiming: Searing Ray (safe; 3% risk of failure)
Press: ? - help, Shift-Dir - straight line, f/p - ice beast
Aim: an ice beast (heavily wounded, 78% to hit)
The searing ray hits the ice beast.
The ice beast is severely wounded. (Press . to maintain the ray.)
The ice beast hits you. The ice beast freezes you!
The searing ray hits the ice beast.
The ice beast is almost dead.
An ufetubus comes into view.
The ice beast misses you.
The searing ray misses the ice beast.
The ufetubus shouts!
The ice beast hits you. The ice beast freezes you!
The searing ray misses the ice beast.
You finish channelling your searing ray.
The ice beast hits you. The ice beast freezes you.
* * * LOW HITPOINT WARNING * * *
Casting: Searing Ray (safe; 3% risk of failure)
Confirm with . or Enter, or press ? or * to list all spells.
Aiming: Searing Ray (safe; 3% risk of failure)
Press: ? - help, Shift-Dir - straight line, f/p - ice beast
Aim: an ice beast (severely wounded, 78% to hit)
The searing ray hits the ice beast.
The ice beast is almost dead.
The searing ray hits the ufetubus.
The ufetubus is heavily wounded. (Press . to maintain the ray.)
* * * LOW HITPOINT WARNING * * *
The ice beast hits you.
* * * LOW HITPOINT WARNING * * *
The ice beast freezes you!
* * * LOW HITPOINT WARNING * * *
The searing ray hits the ice beast.
You kill the ice beast!
The searing ray hits the ufetubus.
The ufetubus is almost dead.
* * * LOW HITPOINT WARNING * * *
The ufetubus hits you.
You die...

≈..≈≈##.#.###.###
##### #.#........
#######.....#.###
............# #
##.####>....#.#
#.......#.####
#.#.#..........
#.#5#..≈≈≈≈≈≈≈.. #
#.#@#.≈≈≈≈≈≈....
#.##.#...≈≈_....8..
#.#..)...≈≈≈≈≈≈....
#....#.#..≈≈≈≈≈≈≈..
###.##............#
#.#####..........
#.#####.....####
###......##.#.#
#.....##.##.#.#


You could see an ufetubus.

Vanquished Creatures
  An ice beast (D:5)
  A necrophage (D:4)
  A gnoll sergeant (D:4)
  A scorpion (D:4)
  A water moccasin skeleton (D:4)
  An orc priest (D:4)
  Terence (D:3)
  4 orc wizards
  Natasha (thrice) (D:2)
  A hound skeleton (D:5)
  8 gnolls
  7 adders
  An adder skeleton (D:4)
  A worm (D:2)
  7 orcs
  4 ball pythons
  5 endoplasms
  2 giant cockroaches
  12 goblins
  6 hobgoblins
  6 kobolds
  4 quokkas
  A ball python skeleton (D:2)
  4 bats
  3 frilled lizards
  4 rats
90 creatures vanquished.

Vanquished Creatures (others)
  13 plants (D:2)
13 creatures vanquished.

Grand Total: 103 creatures vanquished

Notes
Turn   | Place    | Note
-------+----------+-------------------------------------------
     0 | D:1      | Spaninq the Djinni Conjurer began the quest for the Orb.
     0 | D:1      | Reached XP level 1. HP: 15/15 MP: 0/0
   282 | D:1      | Reached XP level 2. HP: 19/21 MP: 0/0
   357 | D:1      | Found a faded altar of an unknown god.
   543 | D:1      | Found Beaskor's Weapon Emporium.
  1017 | D:1      | Reached XP level 3. HP: 22/25 MP: 0/0
  1017 | D:1      | Learned a level 1 spell: Pain
  1501 | D:2      | Reached skill level 1 in Polearms
  1501 | D:2      | Reached XP level 4. HP: 20/31 MP: 0/0
  1713 | D:2      | Found a hazy altar of Hepliaklqana.
  2077 | D:3      | Noticed Terence
  2463 | D:3      | Noticed Natasha
  2493 | D:2      | Killed Natasha
  2854 | D:2      | Found a hazy altar of Hepliaklqana.
  2955 | D:2      | Noticed Natasha
  2963 | D:2      | Killed Natasha
  2964 | D:2      | Reached skill level 1 in Fighting
  2964 | D:2      | Reached skill level 2 in Polearms
  2964 | D:2      | Reached XP level 5. HP: 28/37 MP: 0/0
  2964 | D:2      | Learned a level 2 spell: Slow
  3289 | D:2      | Found a hazy altar of Hepliaklqana.
  3458 | D:2      | Noticed Natasha
  3468 | D:2      | Killed Natasha
  3820 | D:3      | Killed Terence
  3974 | D:3      | Reached XP level 6. HP: 33/43 MP: 0/0
  3977 | D:3      | Reached skill level 3 in Polearms
  4261 | D:3      | Found an ornate altar of the Wu Jian Council.
  4928 | D:4      | Found a runed translucent door.
  4935 | D:4      | Noticed mg7810's ghost (weakling DrDe)
  5005 | D:4      | Reached XP level 7. HP: 28/49 MP: 0/0
  5005 | D:4      | Learned a level 3 spell: Summon Guardian Golem
  5012 | D:4      | Reached skill level 1 in Armour
  5269 | D:4      | Reached skill level 4 in Polearms
  5415 | D:4      | Identified a scroll of acquirement
  5415 | D:4      | Acquired a manual of Polearms
  6128 | D:4      | Reached skill level 5 in Polearms
  6307 | D:5      | Entered Level 5 of the Dungeon
  6326 | D:5      | Reached XP level 8. HP: 44/56 MP: 0/0
  6336 | D:5      | Found an opulent altar of Gozag.
  6445 | D:5      | Slain by an ufetubus

Illustrated notes

Levels and vault maps discovered:
D:1:      dpeg_arrival_arbitrary_c, layout_basic,
          chequers_ecumenical_altar_simple, serial_shops,
          nicolae_shop_waterfront
D:2:      layout_rooms, basic_altar, serial_bayou_ford_a, minmay_domino_4
D:3:      layout_loops_ring, nzn_wu_jian_council_hall,
          kennysheep_generic_room_10, uniq_terence, uniq_natasha
D:4:      layout_loops_ring, ebering_ghost_sewer_d, lightli_corner_chamber
D:5:      cheibrodos_barr_body, layout_basic, mainiacjoe_overflow_catwalk,
          nicolae_ossuary_entry_catacombs, chequers_serial_rivers_large_a,
          chequers_serial_rivers_room_b

Skill      XL: |  1  2  3  4  5  6  7 |
---------------+----------------------+-----
Spellcasting   | 4 |  4.1
Polearms       | 1 2 3 5 |  5.2
Fighting       | 1 2 3 |  3.6
Armour         | 2 |  2.3
Dodging        | |  2.1
Stealth        | |  1.5

Action                   |  1- 3 |  4- 6 |  7- 9 || total
-------------------------+-------+-------+-------++-------
Melee: Trident           |       |    11 |    12 ||    23
 Cast: Magic Dart        |    43 |    33 |    12 ||    88
       Searing Ray       |     6 |    23 |    21 ||    50
  Use: Scroll            |       |     6 |     4 ||    10
Armor: Robe              |       |     2 |     7 ||     9
Dodge: Dodged            |     5 |    15 |    16 ||    36

Table legend: (Time is in decaauts)
 A = Elapsed time spent in this place.
 B = Non-inter-level travel time spent in this place.
 C = Inter-level travel time spent in this place.
 D = Time resting spent in this place.
 E = Time spent auto-exploring this place.
 F = Levels seen in this place.
 G = Mean time per level.
                   A        B        C        D        E       F      G
               +--------+--------+--------+--------+--------+-----+--------+
         Total |   6473 |   6233 |    240 |   1455 |   3874 |   5 | 1294.6 |
       Dungeon |   6473 |   6233 |    240 |   1455 |   3874 |   5 | 1294.6 |
               +--------+--------+--------+--------+--------+-----+--------+

Top non-repeatable levels by time:
     D:2: 2210 daAuts
     D:4: 1540 daAuts
     D:3: 1509 daAuts
     D:1: 1075 daAuts
     D:5: 137 daAuts
